 Dungeon Crawl Stone Soup version 0.30-a0-715-gdb4ae3ece1 (webtiles) character file.

Game seed: 15936894794335302567

71 PyroL the Digger (level 4, -9/24 HPs)
             Began as a Gargoyle Earth Elementalist on Jan 24, 2023.
             Mangled by Crazy Yiuf
             ... wielding a +3 quarterstaff of chaos
              (10 damage)
             ... on level 3 of the Dungeon.
             The game lasted 00:03:23 (1521 turns).

PyroL the Digger (Gargoyle Earth Elementalist)      Turns: 1521, Time: 00:03:23

Health: -9/24      AC:  6    Str: 11    XL:     4   Next: 24%
Magic:  8/8        EV: 11    Int: 18    God:
Gold:   182        SH:  0    Dex: 10    Spells: 3/9 levels left

rFire   . . .      SeeInvis .    (no weapon)
rCold   . . .      Faith    .    (no shield)
rNeg    + . .      Spirit   .    a - +0 robe
rPois   ∞          Reflect  .    (no helmet)
rElec   +          Harm     .    (no cloak)
rCorr   .          Rampage  .    j - +0 pair of gloves
Will    .....                    (no boots)
Stlth   ++                       d - amulet of magic regeneration
HPRegen 0.24/turn                (no ring)
MPRegen 0.51/turn                (no ring)

@: no status effects
A: sickness immunity, AC +3, negative energy resistance 1, electricity
resistance, torment resistance 1, petrification resistance
a: no special abilities


You were on level 3 of the Dungeon.
You visited 1 branch of the dungeon, and saw 3 of its levels.

You collected 182 gold pieces.

Inventory:

Missiles
 l - 4 atropa-tipped darts
Armour
 a - a +0 robe (worn)
 j - a +0 pair of gloves (worn)
Jewellery
 d - an amulet of magic regeneration (around neck)
 h - a ring of fire
Wands
 n - a wand of mindburst (14)
Scrolls
 e - a scroll of fear {unknown}
 i - 2 scrolls of teleportation
 k - a scroll of magic mapping {unknown}
 m - a scroll of immolation
 o - a scroll of brand weapon {unknown}
Potions
 b - 2 potions of magic
 c - a potion of degeneration {unknown}
 f - 2 potions of mutation
 g - 3 potions of curing


   Skills:
 - Level 1.5 Dodging
 - Level 2.1 Stealth
 + Level 3.2 Spellcasting
 - Level 0.7 Transmutations
 + Level 4.9 Earth Magic


You had 3 spell levels left.
You knew the following spells:

 Your Spells              Type           Power      Damage    Failure   Level
a - Sandblast             Erth           40%        2d10      1%          1
b - Passwall              Tmut/Erth      10%        N/A       8%          2
c - Stone Arrow           Conj/Erth      22%        3d8       17%         3

Your spell library contained the following spells:

 Spells                   Type           Power      Damage    Failure   Level
 Foxfire                  Conj/Fire      8%         2x1d4     16%         1
 Petrify                  Tmut/Erth      13%        N/A       45%         4
 Fireball                 Conj/Fire      1%         3d3       99%         5
 Starburst                Conj/Fire      1%         6d3       100%        6


Dungeon Overview and Level Annotations

Branches:
Dungeon (3/15)

Altars:
Qazlal
Uskayaw

Shops:
D:2 (:=

Annotations:
D:3 Crazy Yiuf


Innate Abilities, Weirdness & Mutations

You are immune to sickness and miasma.
Your stone body is resilient. (AC +3)
You are immune to poison.
You resist negative energy. (rN+)
You are resistant to electric shocks. (rElec)
You are resistant to unholy torment.
You are immune to petrification.


Message History

You see here 5 stones.
You now have 158 gold pieces (gained 9).
You start waiting.
Done waiting.
You see here an adder skeleton.
A hobgoblin comes into view.
Found 10 gold pieces.
You can't see any susceptible monsters within range! (Use Z to cast anyway.)
You can't see any susceptible monsters within range! (Use Z to cast anyway.)
The hobgoblin shouts!
The blast of sand hits the hobgoblin!
You kill the hobgoblin!
You can't see any susceptible monsters within range! (Use Z to cast anyway.) Magic restored.
You now have 168 gold pieces (gained 10).
You now have 182 gold pieces (gained 14).
Found a hammer.
Found a runed translucent door.
Key pressed, stopping explore.
Crazy Yiuf shouts!
Crazy Yiuf screams, "Ten tired arm!"
You open the door.
The blast of sand hits Crazy Yiuf but does no damage.
Crazy Yiuf misses you.
The blast of sand hits Crazy Yiuf.
Crazy Yiuf is moderately wounded.
Crazy Yiuf hits you with a +3 quarterstaff of chaos!
Crazy Yiuf freezes you.
* * * LOW HITPOINT WARNING * * *
Crazy Yiuf barely misses you.
You are too injured to fight recklessly!
Crazy Yiuf attacks as you move away! Crazy Yiuf completely misses you.
The blast of sand hits Crazy Yiuf.
Crazy Yiuf is heavily wounded.
Crazy Yiuf hits you with a +3 quarterstaff of chaos!
* * * LOW HITPOINT WARNING * * *
Crazy Yiuf burns you.
* * * LOW HITPOINT WARNING * * *
Crazy Yiuf attacks as you move away!
Crazy Yiuf hits you with a +3 quarterstaff of chaos!
You die...

.#..........#
............#
........##### ..#.....#
#..#....# ##......# ###
♣♣#### ######## #)..#♣♣
♣♣..+.## #...'g♣♣♣♣......#
#########
#...#♣@.♣.......#
#.....#.# ### ♣♣♣.♣...+..#
........# ♣♣♣♣♣##.##
.>......# #.#
........################.#
.........................#
..............############
..............#
...†.........##


You could see Crazy Yiuf.

Vanquished Creatures
  3 adders (D:3)
  4 endoplasms
  3 giant cockroaches
  5 goblins
  5 hobgoblins
  2 quokkas (D:1)
  4 ball pythons (D:1)
  7 bats
  3 frilled lizards
  3 kobolds (D:2)
  2 rats
41 creatures vanquished.

Notes
Turn   | Place    | Note
-------+----------+-------------------------------------------
     0 | D:1      | PyroL the Gargoyle Earth Elementalist began the quest for
                  | the Orb.
     0 | D:1      | Reached XP level 1. HP: 10/10 MP: 3/3
   136 | D:1      | Reached skill level 4 in Earth Magic
   136 | D:1      | Reached XP level 2. HP: 15/15 MP: 3/5
   185 | D:1      | You fall into a shaft and drop 1 floor!
   198 | D:2      | Found Ingot's Jewellery Shop.
   639 | D:1      | Reached XP level 3. HP: 19/19 MP: 4/6
   828 | D:2      | Found Beomi's Weapon Shoppe.
   869 | D:2      | Found Lokuu's Book Shoppe.
   901 | D:3      | Found a stormy altar of Qazlal.
   902 | D:3      | Noticed a water elemental
   936 | D:3      | Noticed an earth elemental
   941 | D:3      | Noticed a fire elemental
   941 | D:3      | Noticed an air elemental
   979 | D:3      | Noticed a phantom
  1071 | D:3      | Reached XP level 4. HP: 21/24 MP: 6/8
  1102 | D:3      | Learned a level 2 spell: Passwall
  1106 | D:3      | Learned a level 3 spell: Stone Arrow
  1110 | D:3      | Noticed a +0 spear
  1111 | D:3      | Noticed a +0 short sword
  1111 | D:3      | Noticed a +0 short sword
  1112 | D:3      | Noticed a +0 spear
  1112 | D:3      | Noticed a +0 falchion
  1113 | D:3      | Noticed a +0 falchion
  1114 | D:3      | Noticed a +0 dagger
  1115 | D:3      | Noticed a +0 dagger
  1119 | D:3      | Found a hide-covered altar of Uskayaw.
  1420 | D:3      | Found a runed translucent door.
  1421 | D:3      | Noticed Crazy Yiuf
  1520 | D:3      | HP: 1/24 [Crazy Yiuf/+3 quarterstaff of chaos (4)]
  1521 | D:3      | Mangled by Crazy Yiuf

Illustrated notes

Levels and vault maps discovered:
D:1:      sevenhm_arrival_forest_fort_small_6, layout_basic
D:2:      layout_rooms, serial_shops, nicolae_shop_bloodbath_and_beyond, shop,
          nicolae_shop_behind_doors
D:3:      layout_rooms, nicolae_qazlal_style_of_elements,
          nicolae_uskayaw_en_pointe, uniq_crazy_yiuf_cottage

Skill      XL: |  1  2  3 |
---------------+----------+-----
Earth Magic    | 4 |  4.9
Spellcasting   | 3 |  3.2
Dodging        | |  1.5
Stealth        | |  2.1
Transmutations | |  0.7

Action                     |  1- 3 |  4- 6 || total
---------------------------+-------+-------++-------
   Cast: Sandblast         |    52 |    11 ||    63
    Use: Scroll            |     5 |       ||     5
 Armour: Robe              |    12 |     1 ||    13
  Dodge: Dodged            |    18 |     4 ||    22

Table legend: (Time is in decaauts)
 A = Elapsed time spent in this place.
 B = Non-inter-level travel time spent in this place.
 C = Inter-level travel time spent in this place.
 D = Time resting spent in this place.
 E = Time spent auto-exploring this place.
 F = Levels seen in this place.
 G = Mean time per level.
                   A        B        C        D        E       F      G
               +--------+--------+--------+--------+--------+-----+--------+
         Total |   1553 |   1431 |    122 |    114 |    965 |   3 |  517.7 |
       Dungeon |   1553 |   1431 |    122 |    114 |    965 |   3 |  517.7 |
               +--------+--------+--------+--------+--------+-----+--------+

Top non-repeatable levels by time:
     D:3: 584 daAuts
     D:1: 509 daAuts
     D:2: 459 daAuts
